Demolitions vs National
(R1)
Created - 24 novembre 2012 at 19:35
Goals
|
| Demolitions |
1 |
1 |
0 |
2 |
| National |
3 |
2 |
3 |
8 |
|
Shots
|
| Demolitions |
9 |
12 |
9 |
30 |
| National |
15 |
12 |
8 |
35 |
|
1st period
1. National , Eric Boulton 6 (William Colbert, Jan Hejda) at 0:31 (PP)
2. National , Pasi Salonen 1 (Jan Hejda, Jonathan Cheechoo) at 4:04
3. Demolitions , Adam Burish 4 (Dennis Seidenberg, Ryan Craig) at 11:02 (PP)
4. National , Cédric Lalonde-McNicoll 2 (Rico Fata, Guillaume Desbiens) at 13:01
Penalties :
Janne Niskala (Vic) for Hooking (Minor) at 0:09, Jeremy Williams (Vic) for Slashing (Minor) at 5:41, James Marcou (Que) for Tripping (Minor) at 8:08, Ty Wishart (Que) for Hooking (Minor) at 10:42, Jonathan Cheechoo (Que) for Boarding (Minor) at 15:17
2nd period
5. National , James Marcou 1 (William Colbert, Jan Hejda) at 8:42
6. National , Rico Fata 3 (Cédric Lalonde-McNicoll) at 16:31
7. Demolitions , Ryan Craig 1 (Janne Niskala) at 17:34 (PP)
Penalties :
Jonathan Cheechoo (Que) for Fighting (Major) at 17:24, Adam Burish (Vic) for Fighting (Major) at 17:24, Jonathan Cheechoo (Que) for instigated a fight (Minor) at 17:24, Jonathan Cheechoo (Que) for instigated a fight (10 Minutes Misconduct) at 17:24, Janne Niskala (Vic) for Hooking (Minor) at 17:41
3rd period
8. National , William Colbert 1 (Jan Hejda) at 2:22 (PP)
9. National , Rico Fata 4 (Cédric Lalonde-McNicoll) at 6:16 (PP)
10. National , Philip DeSimone 1 (Jan Hejda, Maksim Mayorov) at 7:07
Penalties :
James Sheppard (Vic) for Tripping (Minor) at 1:46, Dennis Seidenberg (Vic) for Holding (Minor) at 5:31, Dennis Seidenberg (Vic) for Holding (Minor) at 8:20, William Colbert (Que) for Hooking (Minor) at 16:56, Adam Burish (Vic) for Interference (Minor) at 16:56
Goalie Stats
Antero Niittymaki (Vic), 26 saves from 33 shots - (0,788), L, 2-2-1, 46:16 minutes
Sergei Bobrovsky (Vic), 1 saves from 2 shots - (0,500), 13:44 minutes
Steve Shields (Que), 28 saves from 30 shots - (0,933), W, 1-3-1, 60:00 minutes
Players Stats for Demolitions
Player Name G A P +/- PIM S H SB GA TA FO MP PP MP PK MP
------------------------------------------------------------------------------------
Adam Burish 1 0 1 -2 7 4 1 3 0 1 7/10 21:48 2:27 3:07
Anssi Salmela 0 0 0 -1 0 1 1 0 0 1 0/0 13:07 0:00 3:06
Anthony Stewart 0 0 0 -1 0 5 1 0 2 0 0/0 13:43 0:00 1:01
Anton Babchuk 0 0 0 -2 0 1 0 0 0 0 0/0 18:55 1:36 2:21
Brandon Bochenski 0 0 0 0 0 4 0 0 0 0 1/2 8:19 0:10 0:00
Dennis Seidenberg 0 1 1 -1 4 1 3 3 0 1 0/0 25:52 2:52 3:10
James Sheppard 0 0 0 -2 2 1 1 0 0 0 6/13 16:16 1:51 0:19
Janne Niskala 0 1 1 -1 4 1 1 1 0 2 0/0 25:19 2:52 3:21
Jeremy Williams 0 0 0 -2 2 3 0 0 0 0 0/0 20:54 1:51 3:13
Kyle Wharton 0 0 0 -1 0 0 0 0 0 0 0/0 6:07 0:00 1:01
Marc-André Bernier 0 0 0 0 0 0 0 0 0 0 0/0 0:00 0:00 0:00
Marco Sturm 0 0 0 -2 0 1 4 0 1 1 3/3 19:36 2:37 2:40
Masi Marjamaki 0 0 0 -1 0 2 3 0 0 1 0/1 14:08 0:00 0:48
Petr Vrana 0 0 0 -2 0 1 1 1 1 1 0/0 15:43 1:51 0:00
Robert Bortuzzo 0 0 0 -1 0 0 1 0 0 0 0/0 3:47 0:00 0:00
Robert Klinkhammer 0 0 0 0 0 0 0 0 0 0 0/2 8:11 0:00 2:39
Ryan Craig 1 1 2 -2 0 4 0 0 0 0 15/29 18:49 2:37 1:33
Taylor Chorney 0 0 0 -2 0 1 0 2 1 0 0/0 18:55 1:36 2:21
Vince Rocco 0 0 0 -1 0 0 0 0 0 0 3/5 12:02 0:00 0:00
Vladimir Mihalik 0 0 0 -1 0 0 0 1 0 1 0/0 8:42 0:00 0:00
Players Stats for National
Player Name G A P +/- PIM S H SB GA TA FO MP PP MP PK MP
------------------------------------------------------------------------------------
Ben Maxwell 0 0 0 1 0 1 0 0 0 0 0/4 10:37 0:34 0:19
Cédric Lalonde-McNicoll 1 2 3 2 0 2 1 0 0 0 8/12 15:09 2:54 0:00
Dustin Kohn 0 0 0 1 0 0 3 4 1 0 0/0 19:14 2:00 1:51
Eric Boulton 1 0 1 0 0 5 3 1 1 1 2/5 23:41 4:29 2:32
Erik Gustafsson 0 0 0 2 0 0 0 1 0 0 0/0 12:42 0:00 0:22
Guillaume Desbiens 0 1 1 2 0 4 0 0 0 1 0/1 15:25 3:10 0:00
Igor Makarov 0 0 0 1 0 0 2 0 0 0 0/0 14:01 1:36 0:00
James Marcou 1 0 1 2 2 1 0 0 0 0 0/0 8:54 0:00 0:00
Jan Hejda 0 5 5 2 0 4 1 5 1 1 0/0 28:04 5:40 2:15
Jarod Palmer 0 0 0 0 0 0 0 1 0 0 17/35 18:36 4:29 0:00
Jonathan Cheechoo 0 1 1 0 19 4 3 0 2 0 1/1 15:58 2:37 0:40
Maksim Mayorov 0 1 1 2 0 0 1 0 0 0 0/0 8:39 0:00 0:07
Mathieu Carle 0 0 0 1 0 0 0 3 0 0 0/0 20:11 2:00 1:51
Pasi Salonen 1 0 1 1 0 2 0 0 1 0 2/2 13:01 0:17 1:43
Philip DeSimone 1 0 1 2 0 1 2 0 0 0 0/4 10:11 0:00 1:05
Rico Fata 2 1 3 2 0 7 2 0 1 1 0/1 18:52 2:54 2:30
Ty Wishart 0 0 0 2 2 0 1 1 0 0 0/0 13:39 0:00 0:22
William Colbert 1 2 3 2 2 4 2 1 2 1 0/0 26:34 5:40 2:15
3 Stars
1 - Jan Hejda (Que)
2 - Rico Fata (Que)
3 - Cédric Lalonde-McNicoll (Que)
Power Play
Demolitions - 2 on 4 Attempt(s) - 50,00%
National - 3 on 6 Attempt(s) - 50,00%
Penalty Kill
Demolitions - 3 on 6 Attempt(s) - 50,00%
- Score 0 goal in Penalty Kill
National - 2 on 4 Attempt(s) - 50,00%
- Score 0 goal in Penalty Kill
Official
Referees : Walkom Stephen and Hasenfratz Mike
Linesman : Tim Nowak and Don Henderson
Game Notes
Jonathan Cheechoo and Adam Burish fight to a draw at 17:24 of 2nd period
Sergei Bobrovsky enters game at 6:16 of 3rd period
Demolitions
5 vs 5 Forward
Center Left Wing Right Wing Time % Phy DF OF
1 Ryan Craig Marco Sturm Adam Burish 40 1 2 2
2 James Sheppard Petr Vrana Jeremy Williams 30 1 2 2
3 Vince Rocco Masi Marjamaki Anthony Stewart 20 1 2 2
4 Adam Burish Robert Klinkhammer Brandon Bochenski 10 1 2 2
5 vs 5 Defense
Defense Defense Time % Phy DF OF
1 Janne Niskala Dennis Seidenberg 40 1 2 2
2 Anton Babchuk Taylor Chorney 30 1 2 2
3 Vladimir Mihalik Anssi Salmela 20 1 2 2
4 Kyle Wharton Robert Bortuzzo 10 1 2 2
PowerPlay Forward
Center Left Wing Right Wing Time % Phy DF OF
1 Ryan Craig Marco Sturm Adam Burish 60 1 2 2
2 James Sheppard Petr Vrana Jeremy Williams 40 1 2 2
PowerPlay Defense
Defense Defense Time % Phy DF OF
1 Janne Niskala Dennis Seidenberg 60 1 2 2
2 Anton Babchuk Taylor Chorney 40 1 2 2
Penalty Kill 4 Players Forward
Center Wing Time % Phy DF OF
1 Adam Burish Jeremy Williams 60 1 2 2
2 Anthony Stewart Marco Sturm 40 1 2 2
Penalty Kill 4 Players Defense
Defense Defense Time % Phy DF OF
1 Janne Niskala Dennis Seidenberg 60 1 2 2
2 Anton Babchuk Taylor Chorney 40 1 2 2
Penalty Kill - 3 Players Forward
Forward Time % Phy DF OF
1 Adam Burish 60 1 2 2
2 Jeremy Williams 40 1 2 2
Penalty Kill - 3 Players Defense
Defense Defense Time % Phy DF OF
1 Janne Niskala Dennis Seidenberg 60 1 2 2
2 Anton Babchuk Taylor Chorney 40 1 2 2
4 vs 4 Forward
Center Wing Time % Phy DF OF
1 Adam Burish Jeremy Williams 60 1 2 2
2 Anthony Stewart Marco Sturm 40 1 2 2
4 vs 4 Defense
Defense Defense Time % Phy DF OF
1 Janne Niskala Dennis Seidenberg 60 1 2 2
2 Anton Babchuk Taylor Chorney 40 1 2 2
Last Minutes Offensive
Center Left Wing Right Wing Defense Defense
Ryan Craig Marco Sturm Adam Burish Janne Niskala Dennis Seidenberg
Last Minutes Defensive
Center Left Wing Right Wing Defense Defense
Ryan Craig Marco Sturm Adam Burish Janne Niskala Dennis Seidenberg
Goaltenders
Starting : Antero Niittymaki
Backup : Sergei Bobrovsky
Extra Forwards
Normal : Brandon Bochenski, Masi Marjamaki, Robert Klinkhammer - PP : Brandon Bochenski, Masi Marjamaki - PK : Robert Klinkhammer
Extra Defensemen
Normal : Vladimir Mihalik, Anssi Salmela, Kyle Wharton - PP : Vladimir Mihalik - PK : Anssi Salmela, Kyle Wharton
Penalty Shots
Adam Burish, Jeremy Williams, Anthony Stewart, Marco Sturm, Ryan Craig
National
5 vs 5 Forward
Center Left Wing Right Wing Time % Phy DF OF
1 Jarod Palmer Eric Boulton Jonathan Cheechoo 40 1 1 3
2 Cédric Lalonde-McNicoll Rico Fata Guillaume Desbiens 30 1 1 3
3 Ben Maxwell Pasi Salonen Igor Makarov 20 1 3 1
4 Philip DeSimone Maksim Mayorov James Marcou 10 1 2 2
5 vs 5 Defense
Defense Defense Time % Phy DF OF
1 Jan Hejda William Colbert 40 1 1 3
2 Mathieu Carle Dustin Kohn 30 1 1 3
3 Ty Wishart Erik Gustafsson 20 1 3 1
4 Jan Hejda William Colbert 10 1 2 2
PowerPlay Forward
Center Left Wing Right Wing Time % Phy DF OF
1 Jarod Palmer Eric Boulton Jonathan Cheechoo 60 1 0 4
2 Cédric Lalonde-McNicoll Rico Fata Guillaume Desbiens 40 1 0 4
PowerPlay Defense
Defense Defense Time % Phy DF OF
1 Jan Hejda William Colbert 60 1 1 3
2 Mathieu Carle Dustin Kohn 40 1 1 3
Penalty Kill 4 Players Forward
Center Wing Time % Phy DF OF
1 Eric Boulton Rico Fata 60 1 3 1
2 Pasi Salonen Jonathan Cheechoo 40 1 3 1
Penalty Kill 4 Players Defense
Defense Defense Time % Phy DF OF
1 Jan Hejda William Colbert 60 1 3 1
2 Mathieu Carle Dustin Kohn 40 1 3 1
Penalty Kill - 3 Players Forward
Forward Time % Phy DF OF
1 Eric Boulton 60 1 3 1
2 Rico Fata 40 1 3 1
Penalty Kill - 3 Players Defense
Defense Defense Time % Phy DF OF
1 Jan Hejda William Colbert 60 1 3 1
2 Mathieu Carle Dustin Kohn 40 1 3 1
4 vs 4 Forward
Center Wing Time % Phy DF OF
1 Eric Boulton Rico Fata 60 1 1 3
2 Pasi Salonen Jonathan Cheechoo 40 1 1 3
4 vs 4 Defense
Defense Defense Time % Phy DF OF
1 Jan Hejda William Colbert 60 1 2 2
2 Mathieu Carle Dustin Kohn 40 1 2 2
Last Minutes Offensive
Center Left Wing Right Wing Defense Defense
Jarod Palmer Eric Boulton Jonathan Cheechoo Jan Hejda William Colbert
Last Minutes Defensive
Center Left Wing Right Wing Defense Defense
Jarod Palmer Eric Boulton Jonathan Cheechoo Jan Hejda William Colbert
Goaltenders
Starting : Steve Shields
Backup : Jeff Frazee
Extra Forwards
Normal : Igor Makarov, Ben Maxwell, Philip DeSimone - PP : Igor Makarov, Ben Maxwell - PK : Philip DeSimone
Extra Defensemen
Normal : Ty Wishart, Erik Gustafsson, Mathieu Carle - PP : Ty Wishart - PK : Erik Gustafsson, Mathieu Carle
Penalty Shots
Eric Boulton, Rico Fata, Pasi Salonen, Jonathan Cheechoo, Guillaume Desbiens
% Time on Ice - Demolitions
Lines # - Real PCT - Wanted PCT - Time Play
Normal Forward
1 - 33% - 40% - 15:00
2 - 30% - 30% - 13:59
3 - 26% - 20% - 12:02
4 - 11% - 10% - 4:52
Normal Defense
1 - 41% - 40% - 19:01
2 - 31% - 30% - 14:23
3 - 19% - 20% - 8:42
4 - 8% - 10% - 3:47
PP Forward
1 - 59% - 60% - 2:37
2 - 41% - 40% - 1:51
PP Defense
1 - 64% - 60% - 2:52
2 - 36% - 40% - 1:36
PK Forward
1 - 87% - 60% - 6:39
2 - 13% - 40% - 1:01
PK Defense
1 - 69% - 60% - 5:19
2 - 31% - 40% - 2:21
PK3 Forward
1 - 0% - 60%
2 - 0% - 40%
PK3 Defense
1 - 0% - 60%
2 - 0% - 40%
44 Forward
1 - 100% - 60% - 1:59
2 - 0% - 40% - 0:00
44 Defense
1 - 71% - 60% - 1:24
2 - 29% - 40% - 0:35
Last Minute Offensive - 0:00
Last Minute Defensive - 0:00
Total
Forward - 60:00
Defense - 60:00
|
% Time on Ice - National
Lines # - Real PCT - Wanted PCT - Time Play
Normal Forward
1 - 35% - 40% - 15:52
2 - 27% - 30% - 12:15
3 - 20% - 20% - 9:14
4 - 19% - 10% - 8:32
Normal Defense
1 - 40% - 40% - 18:11
2 - 33% - 30% - 15:04
3 - 25% - 20% - 11:15
4 - 3% - 10% - 1:23
PP Forward
1 - 62% - 60% - 4:46
2 - 38% - 40% - 2:54
PP Defense
1 - 74% - 60% - 5:40
2 - 26% - 40% - 2:00
PK Forward
1 - 69% - 60% - 3:04
2 - 31% - 40% - 1:24
PK Defense
1 - 59% - 60% - 2:37
2 - 41% - 40% - 1:51
PK3 Forward
1 - 0% - 60%
2 - 0% - 40%
PK3 Defense
1 - 0% - 60%
2 - 0% - 40%
44 Forward
1 - 57% - 60% - 1:08
2 - 43% - 40% - 0:51
44 Defense
1 - 84% - 60% - 1:40
2 - 16% - 40% - 0:19
Last Minute Offensive - 0:00
Last Minute Defensive - 0:00
Total
Forward - 60:00
Defense - 60:00
|
Play by Play
1st period
0:01 of 1st period - Jarod Palmer wins face-off versus Ryan Craig in neutral zone.
0:01 of 1st period - Jarod Palmer is hit by Marco Sturm.
0:09 of 1st period - Minor Penalty to Janne Niskala for Hooking.
0:10 of 1st period - Jarod Palmer wins face-off versus Adam Burish in Demolitions zone.
0:17 of 1st period - Wrist shot by Jonathan Cheechoo.
0:17 of 1st period - Deflect By Dennis Seidenberg.
0:17 of 1st period - Shot Misses the Net.
0:17 of 1st period - Puck is out of play.
0:18 of 1st period - Adam Burish wins face-off versus Jarod Palmer in Demolitions zone.
0:27 of 1st period - Snap shot by Eric Boulton.
0:27 of 1st period - Shot Misses the Net.
0:29 of 1st period - Slapshot by William Colbert.
0:29 of 1st period - Shot Misses the Net.
0:31 of 1st period - Slapshot by William Colbert.
0:31 of 1st period - Deflect By Eric Boulton.
0:31 of 1st period - Goal by Eric Boulton - Demolitions : 0 - National : 1.
0:32 of 1st period - James Sheppard wins face-off versus Cédric Lalonde-McNicoll in neutral zone.
0:35 of 1st period - Wrist shot by Petr Vrana.
0:35 of 1st period - Stopped by Steve Shields with a rebound.
0:37 of 1st period - Slapshot by Taylor Chorney.
0:37 of 1st period - Shot Hit the Post.
0:39 of 1st period - Backhand shot by Anton Babchuk.
0:39 of 1st period - Stopped by Steve Shields with a rebound.
0:41 of 1st period - Slapshot by Anton Babchuk.
0:41 of 1st period - Shot Blocked by Mathieu Carle.
1:02 of 1st period - Wrist shot by Marco Sturm.
1:02 of 1st period - Stopped by Steve Shields with a rebound.
2:12 of 1st period - Snap shot by Rico Fata.
2:12 of 1st period - Stopped by Antero Niittymaki without a rebound.
2:13 of 1st period - Ryan Craig wins face-off versus Jarod Palmer in Demolitions zone.
2:44 of 1st period - Igor Makarov is hit by James Sheppard and loses puck.
4:04 of 1st period - Wrist shot by Pasi Salonen.
4:04 of 1st period - Goal by Pasi Salonen - Demolitions : 0 - National : 2.
4:05 of 1st period - James Sheppard wins face-off versus Jarod Palmer in neutral zone.
4:08 of 1st period - Snap shot by Jeremy Williams.
4:08 of 1st period - Stopped by Steve Shields with a rebound.
4:46 of 1st period - Icing by Mathieu Carle.
4:47 of 1st period - Vince Rocco wins face-off versus Cédric Lalonde-McNicoll in National zone.
5:10 of 1st period - Wrist shot by Rico Fata.
5:10 of 1st period - Shot Blocked by Taylor Chorney.
5:12 of 1st period - Slapshot by Rico Fata.
5:12 of 1st period - Deflect By Anton Babchuk.
5:12 of 1st period - Shot Misses the Net.
5:12 of 1st period - Puck is out of play.
5:13 of 1st period - Ryan Craig wins face-off versus Jarod Palmer in Demolitions zone.
5:28 of 1st period - Snap shot by Ryan Craig.
5:28 of 1st period - Stopped by Steve Shields without a rebound.
5:29 of 1st period - James Sheppard wins face-off versus Ben Maxwell in National zone.
5:41 of 1st period - Minor Penalty to Jeremy Williams for Slashing.
5:42 of 1st period - Jarod Palmer wins face-off versus Adam Burish in Demolitions zone.
5:53 of 1st period - Wrist shot by Jan Hejda.
5:53 of 1st period - Deflect By Eric Boulton.
5:53 of 1st period - Stopped by Antero Niittymaki without a rebound.
5:54 of 1st period - Jarod Palmer wins face-off versus Adam Burish in Demolitions zone.
5:57 of 1st period - Snap shot by Eric Boulton.
5:57 of 1st period - Shot Blocked by Adam Burish.
5:59 of 1st period - Slapshot by William Colbert.
5:59 of 1st period - Shot Blocked by Adam Burish.
6:01 of 1st period - Slapshot by Jonathan Cheechoo.
6:01 of 1st period - Shot Blocked by Janne Niskala.
6:03 of 1st period - Wrist shot by Jonathan Cheechoo.
6:03 of 1st period - Shot Blocked by Adam Burish.
6:05 of 1st period - Snap shot by William Colbert.
6:05 of 1st period - Stopped by Antero Niittymaki without a rebound.
6:06 of 1st period - Adam Burish wins face-off versus Jarod Palmer in Demolitions zone.
7:41 of 1st period - Penalty to Jeremy Williams is over, Jeremy Williams is back on ice.
8:08 of 1st period - Minor Penalty to James Marcou for Tripping.
8:09 of 1st period - Ryan Craig wins face-off versus Rico Fata in National zone.
8:16 of 1st period - Snap shot by Adam Burish.
8:16 of 1st period - Shot Misses the Net.
9:17 of 1st period - Icing by Janne Niskala.
9:18 of 1st period - Ryan Craig wins face-off versus Philip DeSimone in Demolitions zone.
9:33 of 1st period - Dustin Kohn is hit by Dennis Seidenberg and loses puck.
9:46 of 1st period - Snap shot by Jeremy Williams.
9:46 of 1st period - Shot Blocked by Mathieu Carle.
10:08 of 1st period - Penalty to James Marcou is over, James Marcou is back on ice.
10:22 of 1st period - Wrist shot by Anthony Stewart.
10:22 of 1st period - Stopped by Steve Shields with a rebound.
10:41 of 1st period - Off-side.
10:42 of 1st period - James Sheppard wins face-off versus Cédric Lalonde-McNicoll in neutral zone.
10:42 of 1st period - Minor Penalty to Ty Wishart for Hooking.
10:43 of 1st period - Eric Boulton wins face-off versus Ryan Craig in National zone.
10:52 of 1st period - Wrist shot by Ryan Craig.
10:52 of 1st period - Deflect By Marco Sturm.
10:52 of 1st period - Shot Blocked by Eric Boulton.
10:52 of 1st period - Puck is out of play.
10:53 of 1st period - Ryan Craig wins face-off versus Eric Boulton in National zone.
10:58 of 1st period - Snap shot by Adam Burish.
10:58 of 1st period - Shot Misses the Net.
11:00 of 1st period - Slapshot by Dennis Seidenberg.
11:00 of 1st period - Shot Misses the Net.
11:02 of 1st period - Snap shot by Adam Burish.
11:02 of 1st period - Goal by Adam Burish - Demolitions : 1 - National : 2.
11:03 of 1st period - Jarod Palmer wins face-off versus Ryan Craig in neutral zone.
11:10 of 1st period - Snap shot by Jonathan Cheechoo.
11:10 of 1st period - Stopped by Antero Niittymaki with a rebound.
11:16 of 1st period - Snap shot by Ryan Craig.
11:16 of 1st period - Shot Misses the Net.
11:18 of 1st period - Snap shot by Ryan Craig.
11:18 of 1st period - Stopped by Steve Shields without a rebound.
11:19 of 1st period - Cédric Lalonde-McNicoll wins face-off versus James Sheppard in National zone.
11:24 of 1st period - Slapshot by William Colbert.
11:24 of 1st period - Stopped by Antero Niittymaki without a rebound.
11:25 of 1st period - James Sheppard wins face-off versus Cédric Lalonde-McNicoll in Demolitions zone.
11:30 of 1st period - Wrist shot by Rico Fata.
11:30 of 1st period - Shot Misses the Net.
11:32 of 1st period - Slapshot by William Colbert.
11:32 of 1st period - Deflect By Rico Fata.
11:32 of 1st period - Stopped by Antero Niittymaki with a rebound.
11:34 of 1st period - Slapshot by William Colbert.
11:34 of 1st period - Shot Blocked by Dennis Seidenberg.
11:36 of 1st period - Backhand shot by Jan Hejda.
11:36 of 1st period - Stopped by Antero Niittymaki with a rebound.
12:14 of 1st period - Igor Makarov is hit by Masi Marjamaki and loses puck.
12:41 of 1st period - Janne Niskala is hit by Maksim Mayorov.
12:57 of 1st period - Backhand shot by Guillaume Desbiens.
12:57 of 1st period - Shot Misses the Net.
12:59 of 1st period - Snap shot by Rico Fata.
12:59 of 1st period - Shot Misses the Net.
13:01 of 1st period - Snap shot by Cédric Lalonde-McNicoll.
13:01 of 1st period - Goal by Cédric Lalonde-McNicoll - Demolitions : 1 - National : 3.
13:02 of 1st period - Jarod Palmer wins face-off versus Ryan Craig in neutral zone.
13:15 of 1st period - Snap shot by Jonathan Cheechoo.
13:15 of 1st period - Shot Misses the Net.
13:17 of 1st period - Wrist shot by Eric Boulton.
13:17 of 1st period - Shot Misses the Net.
13:27 of 1st period - Rico Fata is hit by Anthony Stewart and loses puck.
14:28 of 1st period - Eric Boulton is hit by Adam Burish and loses puck.
14:47 of 1st period - Slapshot by Guillaume Desbiens.
14:47 of 1st period - Deflect By Rico Fata.
14:47 of 1st period - Stopped by Antero Niittymaki with a rebound.
14:53 of 1st period - Dustin Kohn is hit by Robert Bortuzzo and loses puck.
15:08 of 1st period - Slapshot by Rico Fata.
15:08 of 1st period - Stopped by Antero Niittymaki without a rebound.
15:09 of 1st period - Jarod Palmer wins face-off versus James Sheppard in Demolitions zone.
15:17 of 1st period - Minor Penalty to Jonathan Cheechoo for Boarding.
15:18 of 1st period - Eric Boulton wins face-off versus Ryan Craig in National zone.
16:35 of 1st period - Jan Hejda is hit by Marco Sturm and loses puck.
17:17 of 1st period - Penalty to Jonathan Cheechoo is over, Jonathan Cheechoo is back on ice.
17:34 of 1st period - Snap shot by Eric Boulton.
17:34 of 1st period - Shot Misses the Net.
17:36 of 1st period - Wrist shot by Jonathan Cheechoo.
17:36 of 1st period - Shot Blocked by Dennis Seidenberg.
17:38 of 1st period - Backhand shot by Jonathan Cheechoo.
17:38 of 1st period - Shot Misses the Net.
17:40 of 1st period - Wrist shot by Pasi Salonen.
17:40 of 1st period - Stopped by Antero Niittymaki with a rebound.
17:42 of 1st period - Snap shot by Jonathan Cheechoo.
17:42 of 1st period - Shot Misses the Net.
18:08 of 1st period - Snap shot by Jonathan Cheechoo.
18:08 of 1st period - Stopped by Antero Niittymaki with a rebound.
18:10 of 1st period - Snap shot by Eric Boulton.
18:10 of 1st period - Stopped by Antero Niittymaki without a rebound.
18:11 of 1st period - James Sheppard wins face-off versus Guillaume Desbiens in Demolitions zone.
18:27 of 1st period - Off-side.
18:28 of 1st period - Ryan Craig wins face-off versus Philip DeSimone in neutral zone.
18:33 of 1st period - Snap shot by Adam Burish.
18:33 of 1st period - Shot Blocked by Jan Hejda.
18:35 of 1st period - Snap shot by Marco Sturm.
18:35 of 1st period - Deflect By Jan Hejda.
18:35 of 1st period - Shot Blocked by Jan Hejda.
18:35 of 1st period - Puck is out of play.
18:36 of 1st period - Ryan Craig wins face-off versus Philip DeSimone in National zone.
18:43 of 1st period - Wrist shot by Ryan Craig.
18:43 of 1st period - Stopped by Steve Shields with a rebound.
2nd period
0:01 of 2nd period - Jonathan Cheechoo wins face-off versus Ryan Craig in neutral zone.
0:39 of 2nd period - Jonathan Cheechoo is hit by Masi Marjamaki and loses puck.
0:50 of 2nd period - Snap shot by Jonathan Cheechoo.
0:50 of 2nd period - Shot Misses the Net.
0:52 of 2nd period - Wrist shot by Jarod Palmer.
0:52 of 2nd period - Shot Blocked by Vladimir Mihalik.
0:54 of 2nd period - Snap shot by Jarod Palmer.
0:54 of 2nd period - Shot Misses the Net.
0:56 of 2nd period - Wrist shot by Eric Boulton.
0:56 of 2nd period - Shot Misses the Net.
1:29 of 2nd period - Snap shot by Anthony Stewart.
1:29 of 2nd period - Stopped by Steve Shields with a rebound.
1:31 of 2nd period - Slapshot by Anthony Stewart.
1:31 of 2nd period - Stopped by Steve Shields without a rebound.
1:32 of 2nd period - Cédric Lalonde-McNicoll wins face-off versus Vince Rocco in National zone.
2:21 of 2nd period - Slapshot by Jan Hejda.
2:21 of 2nd period - Shot Misses the Net.
2:23 of 2nd period - Snap shot by Pasi Salonen.
2:23 of 2nd period - Deflect By Ben Maxwell.
2:23 of 2nd period - Stopped by Antero Niittymaki with a rebound.
2:25 of 2nd period - Slapshot by Jan Hejda.
2:25 of 2nd period - Stopped by Antero Niittymaki with a rebound.
2:46 of 2nd period - Slapshot by Masi Marjamaki.
2:46 of 2nd period - Shot Blocked by Dustin Kohn.
2:55 of 2nd period - Off-side.
2:56 of 2nd period - Adam Burish wins face-off versus Ben Maxwell in neutral zone.
3:01 of 2nd period - Wrist shot by Brandon Bochenski.
3:01 of 2nd period - Stopped by Steve Shields with a rebound.
3:03 of 2nd period - Slapshot by Anssi Salmela.
3:03 of 2nd period - Stopped by Steve Shields with a rebound.
3:05 of 2nd period - Wrist shot by Robert Klinkhammer.
3:05 of 2nd period - Shot Blocked by Dustin Kohn.
3:07 of 2nd period - Slapshot by Brandon Bochenski.
3:07 of 2nd period - Stopped by Steve Shields with a rebound.
3:55 of 2nd period - Wrist shot by Guillaume Desbiens.
3:55 of 2nd period - Deflect By Cédric Lalonde-McNicoll.
3:55 of 2nd period - Stopped by Antero Niittymaki without a rebound.
3:56 of 2nd period - Jarod Palmer wins face-off versus Ryan Craig in Demolitions zone.
4:00 of 2nd period - Slapshot by William Colbert.
4:00 of 2nd period - Stopped by Antero Niittymaki without a rebound.
4:01 of 2nd period - Ryan Craig wins face-off versus Jarod Palmer in Demolitions zone.
4:01 of 2nd period - Ryan Craig is hit by Jan Hejda.
4:26 of 2nd period - Off-side.
4:27 of 2nd period - Cédric Lalonde-McNicoll wins face-off versus James Sheppard in neutral zone.
4:36 of 2nd period - Slapshot by Rico Fata.
4:36 of 2nd period - Shot Misses the Net.
7:15 of 2nd period - Snap shot by Anthony Stewart.
7:15 of 2nd period - Shot Blocked by Ty Wishart.
7:17 of 2nd period - Snap shot by Anthony Stewart.
7:17 of 2nd period - Shot Blocked by Erik Gustafsson.
7:19 of 2nd period - Wrist shot by Anthony Stewart.
7:19 of 2nd period - Deflect By Masi Marjamaki.
7:19 of 2nd period - Stopped by Steve Shields with a rebound.
7:21 of 2nd period - Wrist shot by Masi Marjamaki.
7:21 of 2nd period - Shot Misses the Net.
7:33 of 2nd period - Petr Vrana is hit by Jonathan Cheechoo and loses puck.
7:58 of 2nd period - Masi Marjamaki is hit by Rico Fata and loses puck.
8:05 of 2nd period - Slapshot by Guillaume Desbiens.
8:05 of 2nd period - Stopped by Antero Niittymaki with a rebound.
8:38 of 2nd period - Slapshot by Jan Hejda.
8:38 of 2nd period - Shot Misses the Net.
8:40 of 2nd period - Slapshot by William Colbert.
8:40 of 2nd period - Shot Blocked by Petr Vrana.
8:42 of 2nd period - Slapshot by William Colbert.
8:42 of 2nd period - Deflect By James Marcou.
8:42 of 2nd period - Goal by James Marcou - Demolitions : 1 - National : 4.
8:43 of 2nd period - Jarod Palmer wins face-off versus Ryan Craig in neutral zone.
8:50 of 2nd period - Wrist shot by Jonathan Cheechoo.
8:50 of 2nd period - Stopped by Antero Niittymaki with a rebound.
8:52 of 2nd period - Wrist shot by Jonathan Cheechoo.
8:52 of 2nd period - Stopped by Antero Niittymaki with a rebound.
9:08 of 2nd period - Dustin Kohn is hit by Janne Niskala.
9:32 of 2nd period - Taylor Chorney is hit by Igor Makarov.
9:55 of 2nd period - Snap shot by Adam Burish.
9:55 of 2nd period - Stopped by Steve Shields without a rebound.
9:56 of 2nd period - Ryan Craig wins face-off versus Jarod Palmer in National zone.
10:43 of 2nd period - Slapshot by Anton Babchuk.
10:43 of 2nd period - Shot Blocked by Mathieu Carle.
10:57 of 2nd period - Taylor Chorney is hit by Dustin Kohn and loses puck.
12:30 of 2nd period - Icing by Vladimir Mihalik.
12:31 of 2nd period - Jarod Palmer wins face-off versus James Sheppard in Demolitions zone.
13:01 of 2nd period - Off-side.
13:02 of 2nd period - Vince Rocco wins face-off versus Ben Maxwell in neutral zone.
13:07 of 2nd period - Snap shot by Anthony Stewart.
13:07 of 2nd period - Stopped by Steve Shields with a rebound.
13:31 of 2nd period - Slapshot by Guillaume Desbiens.
13:31 of 2nd period - Stopped by Antero Niittymaki without a rebound.
13:32 of 2nd period - Ryan Craig wins face-off versus Jarod Palmer in Demolitions zone.
14:03 of 2nd period - Cédric Lalonde-McNicoll is hit by Dennis Seidenberg and loses puck.
14:41 of 2nd period - Snap shot by Adam Burish.
14:41 of 2nd period - Shot Misses the Net.
14:46 of 2nd period - Off-side.
14:47 of 2nd period - Jarod Palmer wins face-off versus James Sheppard in neutral zone.
14:49 of 2nd period - Off-side.
14:50 of 2nd period - Jarod Palmer wins face-off versus James Sheppard in neutral zone.
14:55 of 2nd period - Petr Vrana is hit by Eric Boulton and loses puck.
15:22 of 2nd period - Backhand shot by Jeremy Williams.
15:22 of 2nd period - Shot Blocked by William Colbert.
15:24 of 2nd period - Snap shot by Jeremy Williams.
15:24 of 2nd period - Shot Blocked by Jan Hejda.
15:26 of 2nd period - Slapshot by Taylor Chorney.
15:26 of 2nd period - Shot Blocked by Jan Hejda.
15:28 of 2nd period - Slapshot by Taylor Chorney.
15:28 of 2nd period - Stopped by Steve Shields with a rebound.
15:30 of 2nd period - Snap shot by Petr Vrana.
15:30 of 2nd period - Shot Blocked by Jan Hejda.
15:32 of 2nd period - Wrist shot by Taylor Chorney.
15:32 of 2nd period - Shot Misses the Net.
15:46 of 2nd period - Wrist shot by Jeremy Williams.
15:46 of 2nd period - Shot Misses the Net.
15:48 of 2nd period - Slapshot by Anton Babchuk.
15:48 of 2nd period - Deflect By Petr Vrana.
15:48 of 2nd period - Shot Misses the Net.
15:48 of 2nd period - Puck is out of play.
15:49 of 2nd period - Jarod Palmer wins face-off versus Ryan Craig in National zone.
15:49 of 2nd period - Jarod Palmer is hit by Marco Sturm.
16:21 of 2nd period - Slapshot by Rico Fata.
16:21 of 2nd period - Stopped by Antero Niittymaki without a rebound.
16:22 of 2nd period - Cédric Lalonde-McNicoll wins face-off versus Vince Rocco in Demolitions zone.
16:29 of 2nd period - Snap shot by Guillaume Desbiens.
16:29 of 2nd period - Stopped by Antero Niittymaki without a rebound.
16:30 of 2nd period - Cédric Lalonde-McNicoll wins face-off versus Ryan Craig in Demolitions zone.
16:31 of 2nd period - Snap shot by Rico Fata.
16:31 of 2nd period - Goal by Rico Fata - Demolitions : 1 - National : 5.
16:32 of 2nd period - Ryan Craig wins face-off versus Jarod Palmer in neutral zone.
17:01 of 2nd period - Snap shot by Jeremy Williams.
17:01 of 2nd period - Shot Misses the Net.
17:03 of 2nd period - Wrist shot by James Sheppard.
17:03 of 2nd period - Stopped by Steve Shields without a rebound.
17:04 of 2nd period - Cédric Lalonde-McNicoll wins face-off versus James Sheppard in National zone.
17:24 of 2nd period - Jonathan Cheechoo and Adam Burish fight to a draw.
17:24 of 2nd period - Penalty to Jonathan Cheechoo for Fighting.
17:24 of 2nd period - Penalty to Adam Burish for Fighting.
17:24 of 2nd period - Penalty to Jonathan Cheechoo for instigated a fight.
17:24 of 2nd period - Penalty to Jonathan Cheechoo for instigated a fight.
17:25 of 2nd period - Ryan Craig wins face-off versus Eric Boulton in Demolitions zone.
17:32 of 2nd period - Slapshot by Janne Niskala.
17:32 of 2nd period - Shot Misses the Net.
17:34 of 2nd period - Wrist shot by Ryan Craig.
17:34 of 2nd period - Goal by Ryan Craig - Demolitions : 2 - National : 5.
17:35 of 2nd period - Marco Sturm wins face-off versus Jarod Palmer in neutral zone.
17:41 of 2nd period - Minor Penalty to Janne Niskala for Hooking.
17:42 of 2nd period - Jarod Palmer wins face-off versus Robert Klinkhammer in Demolitions zone.
19:41 of 2nd period - Penalty to Janne Niskala is over, Janne Niskala is back on ice.
19:52 of 2nd period - Wrist shot by Masi Marjamaki.
19:52 of 2nd period - Stopped by Steve Shields with a rebound.
19:58 of 2nd period - Kyle Wharton is hit by Philip DeSimone and loses puck.
3rd period
0:01 of 3rd period - Marco Sturm wins face-off versus Jarod Palmer in neutral zone.
0:27 of 3rd period - Cédric Lalonde-McNicoll is hit by Dennis Seidenberg.
0:55 of 3rd period - Dustin Kohn is hit by Masi Marjamaki and loses puck.
1:44 of 3rd period - Jeremy Williams is hit by Rico Fata and loses puck.
1:46 of 3rd period - Minor Penalty to James Sheppard for Tripping.
1:47 of 3rd period - Jarod Palmer wins face-off versus Robert Klinkhammer in Demolitions zone.
1:50 of 3rd period - Wrist shot by Eric Boulton.
1:50 of 3rd period - Stopped by Antero Niittymaki with a rebound.
1:52 of 3rd period - Wrist shot by Jarod Palmer.
1:52 of 3rd period - Shot Misses the Net.
1:54 of 3rd period - Slapshot by Jan Hejda.
1:54 of 3rd period - Shot Misses the Net.
1:56 of 3rd period - Snap shot by Jarod Palmer.
1:56 of 3rd period - Shot Misses the Net.
1:58 of 3rd period - Snap shot by Eric Boulton.
1:58 of 3rd period - Stopped by Antero Niittymaki with a rebound.
2:22 of 3rd period - Slapshot by William Colbert.
2:22 of 3rd period - Goal by William Colbert - Demolitions : 2 - National : 6.
2:23 of 3rd period - Marco Sturm wins face-off versus Jarod Palmer in neutral zone.
2:26 of 3rd period - Slapshot by Dennis Seidenberg.
2:26 of 3rd period - Shot Misses the Net.
2:28 of 3rd period - Slapshot by Brandon Bochenski.
2:28 of 3rd period - Stopped by Steve Shields with a rebound.
2:30 of 3rd period - Slapshot by Dennis Seidenberg.
2:30 of 3rd period - Deflect By Jan Hejda.
2:30 of 3rd period - Stopped by Steve Shields without a rebound.
2:31 of 3rd period - Jarod Palmer wins face-off versus Ryan Craig in National zone.
2:31 of 3rd period - Jarod Palmer is hit by Marco Sturm.
2:37 of 3rd period - Dennis Seidenberg is hit by Eric Boulton and loses puck.
2:46 of 3rd period - Snap shot by Ryan Craig.
2:46 of 3rd period - Shot Blocked by Jarod Palmer.
3:23 of 3rd period - Snap shot by Jeremy Williams.
3:23 of 3rd period - Stopped by Steve Shields with a rebound.
3:47 of 3rd period - Icing by Marco Sturm.
3:48 of 3rd period - Cédric Lalonde-McNicoll wins face-off versus Ryan Craig in Demolitions zone.
3:49 of 3rd period - Slapshot by Guillaume Desbiens.
3:49 of 3rd period - Stopped by Antero Niittymaki without a rebound.
3:50 of 3rd period - Cédric Lalonde-McNicoll wins face-off versus Ryan Craig in Demolitions zone.
4:27 of 3rd period - Wrist shot by Jeremy Williams.
4:27 of 3rd period - Shot Hit the Post.
4:29 of 3rd period - Snap shot by James Sheppard.
4:29 of 3rd period - Shot Hit the Post.
5:31 of 3rd period - Minor Penalty to Dennis Seidenberg for Holding.
5:32 of 3rd period - Adam Burish wins face-off versus Jarod Palmer in Demolitions zone.
5:39 of 3rd period - Slapshot by Jan Hejda.
5:39 of 3rd period - Stopped by Antero Niittymaki without a rebound.
5:40 of 3rd period - Adam Burish wins face-off versus Jarod Palmer in Demolitions zone.
5:49 of 3rd period - Wrist shot by Adam Burish.
5:49 of 3rd period - Stopped by Steve Shields with a rebound.
5:51 of 3rd period - Slapshot by Jeremy Williams.
5:51 of 3rd period - Stopped by Steve Shields with a rebound.
5:53 of 3rd period - Slapshot by Anssi Salmela.
5:53 of 3rd period - Shot Misses the Net.
5:55 of 3rd period - Slapshot by Janne Niskala.
5:55 of 3rd period - Stopped by Steve Shields with a rebound.
6:16 of 3rd period - Wrist shot by Rico Fata.
6:16 of 3rd period - Goal by Rico Fata - Demolitions : 2 - National : 7.
6:16 of 3rd period - Sergei Bobrovsky enters game.
6:17 of 3rd period - Ryan Craig wins face-off versus Jarod Palmer in neutral zone.
7:07 of 3rd period - Slapshot by Jan Hejda.
7:07 of 3rd period - Deflect By Philip DeSimone.
7:07 of 3rd period - Goal by Philip DeSimone - Demolitions : 2 - National : 8.
7:08 of 3rd period - Jarod Palmer wins face-off versus Ryan Craig in neutral zone.
7:21 of 3rd period - Wrist shot by Eric Boulton.
7:21 of 3rd period - Deflect By Igor Makarov.
7:21 of 3rd period - Shot Misses the Net.
7:21 of 3rd period - Puck is out of play.
7:22 of 3rd period - Ryan Craig wins face-off versus Jarod Palmer in Demolitions zone.
7:24 of 3rd period - 10 Minutes Game Misconduct Penalty to Jonathan Cheechoo is over.
7:52 of 3rd period - Slapshot by Jan Hejda.
7:52 of 3rd period - Shot Blocked by Taylor Chorney.
8:05 of 3rd period - Off-side.
8:06 of 3rd period - Adam Burish wins face-off versus Philip DeSimone in neutral zone.
8:17 of 3rd period - Wrist shot by Adam Burish.
8:17 of 3rd period - Shot Blocked by Dustin Kohn.
8:19 of 3rd period - Wrist shot by Adam Burish.
8:19 of 3rd period - Shot Blocked by Dustin Kohn.
8:20 of 3rd period - Minor Penalty to Dennis Seidenberg for Holding.
8:21 of 3rd period - Adam Burish wins face-off versus Jarod Palmer in Demolitions zone.
8:36 of 3rd period - Slapshot by Jan Hejda.
8:36 of 3rd period - Stopped by Sergei Bobrovsky with a rebound.
8:46 of 3rd period - Jeremy Williams is hit by William Colbert and loses puck.
9:05 of 3rd period - Anton Babchuk is hit by Dustin Kohn and loses puck.
10:08 of 3rd period - Adam Burish is hit by William Colbert and loses puck.
10:20 of 3rd period - Penalty to Dennis Seidenberg is over, Dennis Seidenberg is back on ice.
10:55 of 3rd period - Snap shot by Dennis Seidenberg.
10:55 of 3rd period - Shot Misses the Net.
12:09 of 3rd period - Pasi Salonen is hit by Petr Vrana and loses puck.
12:53 of 3rd period - Petr Vrana is hit by Philip DeSimone and loses puck.
13:54 of 3rd period - Brandon Bochenski is hit by Jonathan Cheechoo and loses puck.
14:20 of 3rd period - Anssi Salmela is hit by Ty Wishart.
14:31 of 3rd period - Cédric Lalonde-McNicoll is hit by Anssi Salmela and loses puck.
14:44 of 3rd period - Vladimir Mihalik is hit by Dustin Kohn and loses puck.
15:27 of 3rd period - Taylor Chorney is hit by Igor Makarov and loses puck.
15:46 of 3rd period - Jeremy Williams is hit by Cédric Lalonde-McNicoll and loses puck.
16:24 of 3rd period - Icing by Jarod Palmer.
16:25 of 3rd period - Ryan Craig wins face-off versus Jarod Palmer in National zone.
16:26 of 3rd period - Wrist shot by Anthony Stewart.
16:26 of 3rd period - Stopped by Steve Shields with a rebound.
16:56 of 3rd period - Minor Penalty to William Colbert for Hooking.
16:56 of 3rd period - Minor Penalty to Adam Burish for Interference.
16:57 of 3rd period - Brandon Bochenski wins face-off versus Eric Boulton in Demolitions zone.
17:08 of 3rd period - Slapshot by Rico Fata.
17:08 of 3rd period - Shot Misses the Net.
17:10 of 3rd period - Wrist shot by Rico Fata.
17:10 of 3rd period - Shot Blocked by Dennis Seidenberg.
18:04 of 3rd period - Wrist shot by Brandon Bochenski.
18:04 of 3rd period - Stopped by Steve Shields without a rebound.
18:05 of 3rd period - Pasi Salonen wins face-off versus Brandon Bochenski in National zone.
18:27 of 3rd period - Icing by Jan Hejda.
18:28 of 3rd period - Pasi Salonen wins face-off versus Masi Marjamaki in National zone.
18:33 of 3rd period - Janne Niskala is hit by Jonathan Cheechoo and loses puck.
18:56 of 3rd period - Penalty to William Colbert is over, William Colbert is back on ice.
18:56 of 3rd period - Penalty to Adam Burish is over, Adam Burish is back on ice.
19:12 of 3rd period - Brandon Bochenski is hit by Eric Boulton and loses puck.
19:21 of 3rd period - Snap shot by Adam Burish.
19:21 of 3rd period - Stopped by Steve Shields without a rebound.
19:22 of 3rd period - Vince Rocco wins face-off versus Ben Maxwell in National zone.
19:23 of 3rd period - Wrist shot by Anthony Stewart.
19:23 of 3rd period - Shot Misses the Net.
19:56 of 3rd period - Wrist shot by Ryan Craig.
19:56 of 3rd period - Shot Misses the Net.
Output by the SimonT Hockey Simulator (STHS) for François Prévost -- Original Page W3C XHTML 1.0 Valid